 Dungeon Crawl Stone Soup version 0.25-a0-87-ga3d287bc14 (webtiles) character file.

Game seed: 14730850539193802584, levelgen mode: deterministic

1561 Barrydekale the Conjurer (level 8, -4/46 HPs)
             Began as a Deep Elf Wizard on Nov 10, 2019.
             Was a Follower of Vehumet.
             Shot with an arrow by a centaur (11 damage)
             ... on level 6 of the Dungeon.
             The game lasted 00:30:48 (7946 turns).

Barrydekale the Conjurer (Deep Elf Wizard)          Turns: 7946, Time: 00:30:48

Health: -4/46      AC:  4    Str:  4    XL:     8   Next: 58%
Magic:  15/18      EV: 15    Int: 26    God:    Vehumet [*.....]
Gold:   388        SH:  0    Dex: 13    Spells: 6/17 levels left

rFire    . . .     SeeInvis .   (no weapon)
rCold    . . .     Gourm    .   (no shield)
rNeg     . . .     Faith    .   a - +0 robe
rPois    .         Spirit   .   b - +0 hat
rElec    .         Reflect  .   p - scarf {cloud immunity}
rCorr    .         Harm     .   r - +1 pair of gloves
MR       .....                  (no boots)
Stlth    +++.......             (no amulet)
HPRegen  0.15/turn              (no ring)
MPRegen  0.16/turn              (no ring)

@: no status effects
A: no striking features
a: Renounce Religion


You were on level 6 of the Dungeon.
You worshipped Vehumet.
Vehumet was aware of your devotion.
You were hungry.

You visited 2 branches of the dungeon, and saw 7 of its levels.
You also visited: Sewer.

You collected 388 gold pieces.

Inventory:

Hand Weapons
 f - a cursed -1 quarterstaff
 j - a +0 spear
 l - a +0 dagger
 q - a +1 falchion of protection
Armour
 a - a +0 robe (worn)
 b - a +0 hat (worn)
 p - a scarf of cloud immunity (worn)
 r - a +1 pair of gloves (worn)
Jewellery
 y - an uncursed ring of see invisible
Wands
 m - a wand of iceblast (8)
 o - a wand of disintegration (12)
 t - a wand of flame (17)
 v - a wand of polymorph (18)
Scrolls
 c - 2 scrolls of blinking
 h - 2 scrolls of remove curse
 A - a scroll of teleportation
Potions
 g - a potion of curing
 i - 2 potions of ambrosia
 k - a potion of cancellation {unknown}
 n - 2 potions of heal wounds {unknown}
 s - a potion of mutation {unknown}
 w - a potion of degeneration
 x - a potion of haste {unknown}
Comestibles
 d - 7 rations


   Skills:
 + Level 3.4 Fighting
 + Level 5.8 Dodging
 - Level 6.0 Stealth
 - Level 5.3 Spellcasting
 + Level 6.4 Conjurations
 - Level 2.1 Summonings
 - Level 1.1 Translocations
 - Level 2.0 Fire Magic
 - Level 2.0 Air Magic
 - Level 2.0 Poison Magic


You had 6 spell levels left.
You knew the following spells:

 Your Spells              Type           Power        Failure   Level  Hunger
a - Magic Dart            Conj           ####         1%          1    None
b - Call Imp              Summ           ###.....     4%          2    None
c - Mephitic Cloud        Conj/Pois/Air  ####....     5%          3    #......
d - Conjure Flame         Conj/Fire      ####....     4%          3    #......
e - Blink                 Tloc           N/A          7%          2    None

Your spell library contained the following spells:

 Spells                   Type           Power        Failure   Level  Hunger
 Sandblast                Erth           #.....       8%          1    None
 Slow                     Hex            #.......     11%         2    None


Dungeon Overview and Level Annotations

Branches:
Dungeon (6/15)             Temple (1/1) D:6           Sewer (visited)

Altars:
Ashenzari
Elyvilon
Fedhas
Hepliaklqana
Okawaru
Trog
Vehumet
Wu Jian
Xom
Zin

Annotations:
D:3 Eustachio


Message History

Aim: a wyvern zombie (severely damaged)
The magic dart hits the wyvern zombie.
The wyvern zombie is almost destroyed.
The wyvern zombie bites you!
* * * LOW HITPOINT WARNING * * *
The wyvern zombie bites you!
* * * LOW HITPOINT WARNING * * *
Evoke which item? (* to show all) (? for menu, Esc to quit)
Aiming: Disintegrate
Press: ? - help, Shift-Dir - straight line, f/p - wyvern zombie
Aim: a wyvern zombie (almost destroyed, chance to defeat MR: 76%)
The wyvern zombie is blasted!
You blow up the wyvern zombie!
Vehumet accepts your kill.
You start resting.
A centaur comes into view.
The centaur shouts!
The centaur wields a +0 shortbow.
The centaur shoots an arrow.
The arrow hits you!
You die...

....##..#..(.#
#..#.........#####.#
#..#..#...†........#
#..#..#....<..###### .
###.....#...Y.s<.....#
#.#......##.#Z.....###.#
#........#...........
#......#..#..#.......
#....@$#..#....#######
######.##.......
###.....##.#.#...
........##.#.#..
........##.#.#
........##.#.#
........##.#.#
.......c.....##
..............#


You could see a centaur.

Vanquished Creatures
  Prince Ribbit (D:5)
  An ice beast (D:5)
  A phantom (D:4)
  2 ogres
  3 bullfrogs
  A wyvern zombie (D:6)
  3 scorpions
  A howler monkey (D:5)
  A hound (D:4)
  A centaur skeleton (D:4)
  3 orc priests
  An orc wizard (D:4)
  4 iguanas
  A worker ant (D:4)
  Ijyb (D:4)
  A hound zombie (D:6)
  A howler monkey zombie (D:5)
  A worker ant zombie (D:5)
  6 gnolls
  4 adders
  A shadow imp (D:5)
  An adder skeleton (D:4)
  3 worms
  4 dart slugs
  7 leopard geckos
  8 orcs
  13 giant cockroaches
  4 goblins
  10 hobgoblins
  10 jackals
  3 quokkas
  3 ball pythons
  6 bats
  10 frilled lizards
  6 kobolds
  5 rats
132 creatures vanquished.

Vanquished Creatures (collateral kills)
  An ogre (D:5)
  2 gnolls (D:3)
  4 adders
  A bat (D:3)
  A giant cockroach (D:3)
9 creatures vanquished.

Vanquished Creatures (others)
  5 fungi (D:6)
5 creatures vanquished.

Grand Total: 146 creatures vanquished

Notes
Turn   | Place    | Note
-------+----------+-------------------------------------------
     0 | D:1      | Barrydekale the Deep Elf Wizard began the quest for the
                  | Orb.
     0 | D:1      | Reached XP level 1. HP: 10/10 MP: 7/7
   190 | D:1      | Reached XP level 2. HP: 15/15 MP: 3/9
   472 | D:1      | Reached skill level 5 in Spellcasting
   476 | D:1      | Learned a level 2 spell: Call Imp
  1101 | D:2      | Found an ornate altar of the Wu Jian Council.
  1123 | D:2      | Reached XP level 3. HP: 19/19 MP: 9/11
  1402 | D:2      | Learned a level 3 spell: Mephitic Cloud
  1406 | D:2      | Learned a level 3 spell: Conjure Flame
  1409 | D:2      | Learned a level 2 spell: Blink
  1472 | D:2      | Found a bloodstained altar of Trog.
  1613 | D:2      | Found a shimmering altar of Xom.
  1722 | D:2      | Noticed an ogre
  1744 | D:2      | Reached XP level 4. HP: 24/24 MP: 10/13
  1760 | D:2      | Killed an ogre
  1760 | D:2      | Reached skill level 1 in Fire Magic
  1760 | D:2      | Reached skill level 1 in Poison Magic
  1959 | D:3      | Reached skill level 1 in Air Magic
  1979 | D:3      | Reached XP level 5. HP: 28/28 MP: 8/14
  2471 | D:3      | Found a blossoming altar of Fedhas.
  3354 | D:4      | Found a radiant altar of Vehumet.
  3365 | D:4      | Became a worshipper of Vehumet
  3622 | D:4      | Reached XP level 6. HP: 26/32 MP: 9/16
  3672 | D:4      | Found an iron altar of Okawaru.
  3796 | D:4      | Noticed Ijyb
  3806 | D:4      | Killed Ijyb
  4019 | D:4      | Noticed Eustachio
  4744 | D:4      | Reached skill level 1 in Fighting
  5107 | D:4      | Reached XP level 7. HP: 38/38 MP: 8/17
  5193 | D:5      | Entered Level 5 of the Dungeon
  5420 | D:5      | Found a shattered altar of Ashenzari.
  5459 | D:5      | Reached skill level 5 in Conjurations
  5505 | D:5      | Found a glowing drain.
  5709 | Sewer    | Entered a sewer
  5928 | Sewer    | Reached * piety under Vehumet
  5928 | Sewer    | Offered knowledge of Sandblast by Vehumet.
  6262 | D:5      | Noticed Prince Ribbit
  6271 | D:5      | Killed Prince Ribbit
  6271 | D:5      | Reached skill level 5 in Dodging
  6271 | D:5      | Reached skill level 5 in Stealth
  6271 | D:5      | Reached XP level 8. HP: 45/45 MP: 2/18
  6522 | D:5      | Found a white marble altar of Elyvilon.
  6915 | D:5      | Found a glowing silver altar of Zin.
  7120 | D:5      | Found a hazy altar of Hepliaklqana.
  7853 | D:6      | Found a staircase to the Ecumenical Temple.
  7869 | Temple   | Entered the Ecumenical Temple
  7917 | D:6      | HP: 2/46 [wyvern zombie (10)]
  7946 | D:6      | Shot with an arrow by a centaur

Levels and vault maps discovered:
D:1:      elethiomel_arrival_infinity_welcomes_careful_drivers,
          layout_loops_ring, chequers_serial_rivers_micro_a
D:2:      layout_rooms, bloody_trog, nicolae_overflow_crystal_walls,
          lemuel_crystal_altar
D:3:      layout_basic, fedhas_ov_isle_minmay, minmay_misc_feat_four_crosses
D:4:      layout_cave_pools, okawaru_ov_weapons_minmay, first_ration,
          kennysheep_diamond, vehumet_altar_wand_db, uniq_ijyb, uniq_eustachio
D:5:      layout_cave_pods, kennysheep_mini_moat, elyvilon_altar_4,
          zin_statuary, nicolae_ashenzari_panopticon, gup_sewer_entry_glass,
          uniq_prince_ribbit1
D:6:      old_forge, layout_basic, minmay_temple_entry_glass, uniq_edmund,
          uniq_crazy_yiuf_cottage, uniq_blork_the_orc
Temple:   pf_slime_end_temple

Skill      XL: |  1  2  3  4  5  6  7  8 |
---------------+-------------------------+-----
Conjurations   | 2 3 4 5 6 |  6.4
Spellcasting   | 5 |  5.3
Fire Magic     | 1 2 |  2.0
Poison Magic   | 1 2 |  2.0
Air Magic      | 1 2 |  2.0
Summonings     | 2 |  2.1
Fighting       | 1 2 3 |  3.4
Dodging        | 3 5 |  5.8
Stealth        | 3 5 6 |  6.0
Translocations | |  1.1

Action                   |  1- 3 |  4- 6 |  7- 9 || total
-------------------------+-------+-------+-------++-------
Melee: Whip              |     5 |       |       ||     5
       Spear             |    18 |       |       ||    18
       Dagger            |     7 |     4 |       ||    11
       Falchion          |       |     6 |     8 ||    14
 Cast: Magic Dart        |    82 |   155 |   160 ||   397
       Call Imp          |       |     7 |    15 ||    22
       Mephitic Cloud    |       |    17 |    17 ||    34
       Conjure Flame     |       |     4 |       ||     4
Evoke: Wand              |       |     1 |     2 ||     3
  Use: Scroll            |       |       |    10 ||    10
 Stab: Sleeping          |     1 |     1 |       ||     2
       Confused          |       |     1 |       ||     1
       Distracted        |       |       |     1 ||     1
  Eat: Chunk             |     2 |     4 |     5 ||    11
       Ration            |       |     2 |     1 ||     3
Armor: Robe              |    17 |     7 |    14 ||    38
Dodge: Dodged            |    41 |    23 |    63 ||   127
       Rpst.: Falchion   |       |     5 |     2 ||     7

Table legend:
 A = Non-vault XP
 B = Vault XP
 C = Vault XP percentage of total XP
 D = Non-vault monster count
 E = Vault monster count
 F = Vault count percentage of total count
                 A         B        C        D         E       F
            +---------+---------+-------+---------+---------+-------
      Total |    1521 |     710 |  31.8 |     113 |      28 |  19.9
            +---------+---------+-------+---------+---------+-------
        D:1 |      42 |       0 |   0.0 |      22 |       0 |   0.0
        D:2 |     144 |       0 |   0.0 |      19 |       0 |   0.0
        D:3 |     105 |       0 |   0.0 |      27 |       0 |   0.0
        D:4 |     454 |      79 |  14.8 |      23 |       3 |  11.5
        D:5 |     595 |     332 |  35.8 |      17 |       4 |  19.0
        D:6 |     181 |      85 |  32.0 |       5 |       2 |  28.6
      Sewer |       0 |     214 | 100.0 |       0 |      19 | 100.0
            +---------+---------+-------+---------+---------+-------
